 Dungeon Sprint DCSS version 0.31.0-9-g3a7656b989 (webtiles) character file.

Game seed: 12640840772371851631

68364 Heoruswealwe the Minotaur Porcupine (level 14, -25/243 (247) HPs)
             Began as a Minotaur Fighter on Feb 4, 2024.
             Was an Initiate of Gozag.
             Annihilated by Gloorx Vloq (26 damage)
             ... in the Dungeon (Sprint IX: "|||||||||||||||||||||||||||||").
             The game lasted 00:40:39 (4415 turns).

Heoruswealwe the Minotaur Porcupine (MiFi)          Turns: 4415, Time: 00:40:41

HP:   -25/243 (247) AC: 47    Str: 33    XL:     14   Next: 86%
MP:   13/13         EV: 12    Int:  5    God:    Gozag
Gold: 3405          SH: 16    Dex:  5    Spells: 13/13 levels left

rFire   . . .        a - +12 demon trident "Vodikegh" {drain, rCorr Str+4 Dex-5}
rCold   . . .        d - +1 tower shield
rNeg    . . .        c - +15 Maxwell's patent armour {-Cast -Tele rElec Will+ rCorr}
rPois   .            (helmet restricted)
rElec   +            h - +0 cloak
rCorr   +            f - +1 pair of gloves
SInv    .            e - +3 pair of seven-league boots {Rampage+∞}
Will    ++...        (no amulet) Stlth
                     k - +2 ring of evasion
HPRegen 0.60/turn    j - +3 ring of strength
MPRegen 0.13/turn

%: no teleportation, no spellcasting, rampage+∞
@: mighty, berserking, gold aura, lightly drained, very quick
A: horns 2, retaliatory headbutt
a: Renounce Religion, Potion Petition, Call Merchant, Bribe Branch


You were in the Dungeon.
You worshipped Gozag.
Gozag was most pleased with you.
You visited 1 branch You collected 16544 gold pieces.
You spent 7724 gold pieces at shops.
You paid 5415 gold pieces to Gozag.

Inventory:

Hand Weapons
 a - the +12 demon trident "Vodikegh" (weapon) {drain, rCorr Str+4 Dex-5}
   (You bought it in a shop in the Dungeon)

   Str+4:     It affects your strength (+4).
   Dex-5:     It affects your dexterity (-5).
   rCorr:     It protects you from acid and corrosion.
 b - the +12 glaive of Prune {freeze, Prune}
   (You found it in the Dungeon)

   Prune:     It halves damage taken while paralysed, petrified or unconscious.
 B - the +8 demon blade "Leech" {evervamp, Harm ^Drain rN+}
   (You bought it in a shop in the Dungeon)

   rN+:       It protects you from negative energy.
   ^Drain:    It drains your maximum health when unequipped.
   Harm:      It increases damage dealt and taken.
 C - the +8 autumn katana {manifold assault}
   (You bought it in a shop in the Dungeon)
Armour
 c - the +15 Maxwell's patent armour (worn) {-Cast -Tele rElec Will+ rCorr}
   (You bought it in a shop in the Dungeon)

   rElec:     It insulates you from electricity.
   Will+:     It increases your willpower.
   -Cast:     It prevents spellcasting.
   -Tele:     It prevents most forms of teleportation.
   rCorr:     It protects you from acid and corrosion.
 d - a +1 tower shield (worn)
 e - the +3 pair of seven-league boots (worn) {Rampage+∞}
   (You bought it in a shop in the Dungeon)

   Rampage+∞: When moving toward enemies, its wearer moves as far as possible,
   alerting their target en route.
 f - a +1 pair of gloves (worn)
 h - a +0 cloak (worn)
 A - the +3 robe of Clouds {*Thunder rCloud rElec}
   (You bought it in a shop in the Dungeon)

   *Thunder:  It occasionally creates storm clouds above nearby enemies.
   rCloud:    It grants its wearer immunity to clouds.
   rElec:     It insulates you from electricity.
Jewellery
 j - a +3 ring of strength (right hand)
 k - a +2 ring of evasion (left hand)
Wands
 r - a wand of acid (10)
Scrolls
 n - 7 scrolls of blinking
 o - 3 scrolls of identify
 p - 4 scrolls of enchant weapon
 q - 6 scrolls of enchant armour
Potions
 l - a potion of curing
 m - a potion of might


   Skills:
 + Level 26.0 Fighting
 O Level 27 Polearms
 + Level 26.0 Armour
 + Level 12.3 Dodging
 + Level 13.8 Shields
 + Level 10.4 Evocations


You had 13 spell levels left.
You didn't know any spells.
Your spell library was empty.

Dungeon Overview and Level Annotations

Branches:
Dungeon (1/1)

Altars:
Cheibriados
Dithmenos
Elyvilon
Fedhas
Gozag
Hepliaklqana
Kikubaaqudgha
Makhleb
Nemelex Xobeh
Okawaru
Qazlal
Ru
Sif Muna
Trog
Uskayaw
Vehumet
Wu Jian
Xom
Yredelemnul
Zin
The Shining One
Jiyva
Lugonu

Shops:
D ((((=:?[((

Annotations:
D Gloorx Vloq


Innate Abilities, Weirdness & Mutations

You have a pair of horns on your head.
You reflexively headbutt those who attack you in melee.


Message History

Gloorx Vloq gestures.
You puncture Gloorx Vloq! You headbutt Gloorx Vloq.
Gloorx Vloq is moderately wounded.
The Executioner is distracted by your dazzling golden aura.
You block Gloorx Vloq's attack.
You puncture Gloorx Vloq!
Gloorx Vloq is moderately wounded.
The Executioner is distracted by your dazzling golden aura.
Gloorx Vloq is distracted by your dazzling golden aura.
The Executioner gives a hideous shriek!
Gloorx Vloq moans, "Taste defeat, thou lumpish flap-mouthed vassal!"
You impale Gloorx Vloq!!
Gloorx Vloq is no longer distracted by gold.
Gloorx Vloq is moderately wounded.
The Executioner is distracted by your dazzling golden aura.
You block Gloorx Vloq's attack.
The Executioner gives a hideous shriek!
You puncture Gloorx Vloq! Your headbutt misses Gloorx Vloq.
Gloorx Vloq is heavily wounded.
Gloorx Vloq hits you but does no damage.
You impale Gloorx Vloq!! You headbutt Gloorx Vloq!
Gloorx Vloq is heavily wounded.
The Executioner is no longer distracted by gold. x2
The Executioner is distracted by your dazzling golden aura.
You block Gloorx Vloq's attack.
You hit Gloorx Vloq.
Gloorx Vloq is heavily wounded.
Gloorx Vloq hits you.
* * * LOW HITPOINT WARNING * * *
A formless jellyfish comes into view.
You are too berserk!
You impale Gloorx Vloq!! Your headbutt misses Gloorx Vloq.
Gloorx Vloq is severely wounded.
The Executioner is no longer distracted by gold.
You block the Executioner's attack. The Executioner closely misses you.
The Executioner hits you but does no damage.
Gloorx Vloq moans, "I will devour thy spine!"
Gloorx Vloq hits you!!
You die...
Your body crumbles into a pile of gold.

,*,*,*,*,*,*,*,▓$▓.♣.♣.▓.▓.▓.▓.▓.
,*,*,*,*,*,*,*,▓.▓.♣.♣.▓[▓.▓.▓.▓.
,*,*,*,*,*,*,*,▓.▓.♣.♣.▓[▓.▓.▓.▓'
,*,*,*,*,*,*,*,▓.▓.♣.♣.▓[▓.▓.▓.▓.
,*,*,*,*,*,*,*,▓.▓.♣.♣.▓!▓.▓.▓.▓.
,*,*,*,*,*,*,*,▓.▓.♣.♣.▓.▓.▓.▓.▓.
,*,*,*,*+*,*,*,▓$▓.▓'▓.▓.▓.▓.▓.▓.
,*,*+*,*,*,*,*,▓1▓.▓.▓.▓.▓.▓.▓.▓.
,*,*,*,*,*,*,*,▓@▓.▓[▓.▓.▓.▓.▓)▓.
,*,*,*,*,*,*,*,▓&▓.▓.▓.▓.▓.▓.▓.▓.
,*,*,*,*,*,*,*,▓1▓.▓.▓.▓.▓.▓.▓.▓.
,*,*,*,*,*,*,*,▓1▓.▓.▓.▓.▓.▓'▓.▓.
,*,*,*,*,*,*,*,▓J▓.▓.▓.▓.▓.▓[▓.▓'
,*,*,*,*,*,*,*,▓.▓.▓.▓.▓'▓.▓[▓.▓.
,*,*,*,*,*,*,*,▓.▓.▓.▓.▓(▓.▓.▓.▓.
,*,*,*,*,*,*,*,▓J▓.▓.▓.▓.▓.▓.▓.▓.
,*,*,*,*,*,*,*,*,▓.▓'▓.▓.▓.▓.▓.▓.


You could see Gloorx Vloq, a formless jellyfish, 3 Executioners and a slime
creature.

Vanquished Creatures
  2 Orb Guardians (D)
  A sphinx (D)
  Agnes (D)
  Donald (D)
  A fire giant (D)
  3 vault wardens (D)
  An ironbound preserver (D)
  2 stone giants (D)
  5 very ugly things (D)
  An ironbound thunderhulk (D)
  Azrael (D)
  An eleionoma (D)
  A dire elephant (D)
  A bunyip (D)
  A merfolk impaler (D)
  2 fire dragons (D)
  Josephine (D)
  A shambling mangrove (D)
  Harold (D)
  A yaktaur captain (D)
  A spriggan air mage (D)
  An alligator (D)
  An ice dragon (D)
  3 rakshasas (D)
  2 boulder beetles (D)
  A hydra (D)
  A catoblepas (D)
  2 radroaches (D)
  A death knight (D)
  An anaconda (D)
  2 two-headed ogres (D)
  A centaur warrior (D)
  A vampire mage (D)
  A deep troll shaman (D)
  3 death yaks (D)
  An occultist (D)
  A naga warrior (D)
  A tengu warrior (D)
  A spriggan berserker (D)
  8 orc high priests (D)
  A deep troll earth mage (D)
  2 shock serpents (D)
  A pharaoh ant (D)
  2 spriggans (D)
  3 flayed ghosts (D)
  A sea snake (D)
  A bog body (D)
  A mana viper (D)
  A naga ritualist (D)
  A swamp dragon (D)
  An ironbound convoker (D)
  8 orc knights (D)
  A necromancer (D)
  A deep elf pyromancer (D)
  An orc sorcerer (D)
  A manticore (D)
  An oklob plant (D)
  An elephant (D)
  A cyclops (D)
  2 moths of wrath (D)
  An ugly thing (D)
  A meliai (D)
  3 merfolk sirens (D)
  2 black mambas (D)
  3 cane toads (D)
  A naga mage (D)
  A gargoyle (D)
  4 torpor snails (D)
  A rime drake (D)
  An efreet (D)
  An unseen horror (D)
  A tengu conjurer (D)
  A guardian mummy (D)
  2 wind drakes (D)
  A blink frog (D)
  3 hornets (D)
  A merfolk (D)
  A slime creature (D)
  A snapping turtle (D)
  A shadow (D)
  5 wraiths (D)
  5 fire elementals (D)
  7 yaks (D)
  Eustachio (D)
  A basilisk (D)
  A hell hound (D)
  4 water moccasins (D)
  7 orc warriors (D)
  2 wolves (D)
  A kobold brigand (D)
  2 bullfrogs (D)
  A killer bee (D)
  2 hounds (D)
  3 orc priests (D)
  An iguana (D)
  4 orc wizards (D)
  An adder (D)
  A shadow imp (D)
  7 orcs (D)
  An endoplasm (D)
  A hobgoblin (D)
  3 kobolds (D)
187 creatures vanquished.

Notes
Turn   | Place    | Note
-------+----------+-------------------------------------------
     0 | D        | Heoruswealwe the Minotaur Fighter began the quest for the
                  | Orb.
     0 | D        | Reached XP level 1. HP: 19/19 MP: 0/0
     6 | D        | Reached skill level 3 in Polearms
    23 | D        | Noticed a hound
    23 | D        | Noticed a hound
    23 | D        | Noticed an iguana
    24 | D        | Killed a hound
    25 | D        | Reached skill level 5 in Fighting
    25 | D        | Reached skill level 5 in Polearms
    25 | D        | Reached skill level 5 in Armour
    25 | D        | Reached XP level 2. HP: 29/29 MP: 1/1
    25 | D        | Reached XP level 3. HP: 36/36 MP: 2/2
    33 | D        | Reached skill level 6 in Polearms
    35 | D        | Reached skill level 7 in Polearms
    35 | D        | Reached XP level 4. HP: 31/44 MP: 3/3
    47 | D        | Reached skill level 8 in Polearms
    53 | D        | Found a snail-covered altar of Cheibriados.
    53 | D        | Found a shadowy altar of Dithmenos.
    53 | D        | Found a white marble altar of Elyvilon.
    53 | D        | Found a blossoming altar of Fedhas.
    53 | D        | Found an opulent altar of Gozag.
    54 | D        | Found a hazy altar of Hepliaklqana.
    55 | D        | Found a viscous altar of Jiyva.
    56 | D        | Found an ancient bone altar of Kikubaaqudgha.
    57 | D        | Found a corrupted altar of Lugonu.
    58 | D        | Found a burning altar of Makhleb.
    59 | D        | Found a sparkling altar of Nemelex Xobeh.
    60 | D        | Found an iron altar of Okawaru.
    61 | D        | Became a worshipper of Gozag Ym Sagoz the Greedy
    62 | D        | Found a stormy altar of Qazlal.
    63 | D        | Found a sacrificial altar of Ru.
    64 | D        | Found a shimmering blue altar of Sif Muna.
    65 | D        | Found a bloodstained altar of Trog.
    66 | D        | Found a hide-covered altar of Uskayaw.
    67 | D        | Found a radiant altar of Vehumet.
    68 | D        | Found an ornate altar of the Wu Jian Council.
    69 | D        | Found a shimmering altar of Xom.
    70 | D        | Found a basalt altar of Yredelemnul.
    71 | D        | Found a glowing silver altar of Zin.
    72 | D        | Found a glowing golden altar of the Shining One.
    80 | D        | Found the +12 glaive of Prune {freeze, Prune}
   178 | D        | Noticed a kobold brigand
   178 | D        | Noticed a yak
   178 | D        | Noticed a two-headed ogre
   178 | D        | Noticed a two-headed ogre
   179 | D        | Killed a kobold brigand
   180 | D        | Reached skill level 9 in Polearms
   180 | D        | Reached XP level 5. HP: 52/52 MP: 4/4
   182 | D        | Killed a yak
   183 | D        | Reached skill level 11 in Polearms
   183 | D        | Reached XP level 6. HP: 58/62 MP: 5/5
   186 | D        | Killed a two-headed ogre
   187 | D        | Reached skill level 10 in Fighting
   187 | D        | Reached skill level 14 in Polearms
   187 | D        | Reached skill level 10 in Armour
   187 | D        | Reached XP level 7. HP: 67/73 MP: 6/6
   196 | D        | Killed an unseen horror
   197 | D        | Reached skill level 15 in Polearms
   197 | D        | Reached XP level 8. HP: 49/82 MP: 7/7
   199 | D        | Killed a two-headed ogre
   200 | D        | Reached skill level 16 in Polearms
   355 | D        | Noticed an efreet
   355 | D        | Noticed a tengu conjurer
   355 | D        | Noticed a green ugly thing
   355 | D        | Noticed a gargoyle
   355 | D        | Noticed a death knight
   359 | D        | Killed an efreet
   360 | D        | Reached XP level 9. HP: 75/92 MP: 8/8
   361 | D        | Reached skill level 17 in Polearms
   366 | D        | Killed a green ugly thing
   370 | D        | Killed a tengu conjurer
   371 | D        | Reached skill level 18 in Polearms
   374 | D        | Killed a gargoyle
   379 | D        | Killed a death knight
   526 | D        | Got the +4 ring mail of Context {Rampage rF+++ rN+++ Dex-4}
   543 | D        | Noticed a rime drake
   548 | D        | Reached skill level 19 in Polearms
   550 | D        | Killed a rime drake
   552 | D        | Reached XP level 10. HP: 71/104 MP: 9/9
   563 | D        | Noticed a cane toad
   575 | D        | Killed a cane toad
   576 | D        | Reached skill level 20 in Polearms
   654 | D        | Noticed a cane toad
   654 | D        | Noticed an oklob plant
   655 | D        | Noticed an elephant
   658 | D        | Killed a cane toad
   659 | D        | Reached skill level 15 in Fighting
   659 | D        | Reached skill level 15 in Armour
   663 | D        | Noticed a cane toad
   665 | D        | Killed an oklob plant
   671 | D        | Killed an elephant
   678 | D        | Reached skill level 21 in Polearms
   679 | D        | Killed a cane toad
   735 | D        | Noticed a death yak
   735 | D        | Noticed a death yak
   735 | D        | Noticed a catoblepas
   736 | D        | Noticed a death yak
   738 | D        | Killed a death yak
   761 | D        | Killed a death yak
   762 | D        | Reached skill level 22 in Polearms
   762 | D        | Reached XP level 11. HP: 108/115 MP: 10/10
   766 | D        | Killed a catoblepas
   769 | D        | Killed a death yak
   849 | D        | Noticed an orc high priest
   849 | D        | Noticed an orc knight
   849 | D        | Noticed an orc knight
   849 | D        | Noticed an orc knight
   849 | D        | Noticed an orc knight
   849 | D        | Noticed an orc high priest
   849 | D        | Noticed an orc knight
   849 | D        | Found Ulirughe's Magic Scroll Shoppe.
   849 | D        | Found Qyomolon's Book Emporium.
   849 | D        | Found Guurrec's Jewellery Shoppe.
   899 | D        | Noticed Harold
   909 | D        | Killed Harold
   910 | D        | Reached skill level 23 in Polearms
  1010 | D        | Noticed Eustachio
  1023 | D        | Killed Eustachio
  1073 | D        | Noticed an orc high priest
  1095 | D        | Killed an orc high priest
  1244 | D        | Noticed an orc sorcerer
  1244 | D        | Noticed an orc high priest
  1246 | D        | Killed an orc sorcerer
  1256 | D        | Noticed an orc high priest
  1259 | D        | Killed an orc high priest
  1287 | D        | Killed an orc high priest
  1288 | D        | Reached skill level 24 in Polearms
  1376 | D        | Found Sary's Antique Weapon Emporium.
  1376 | D        | Noticed an orc high priest
  1376 | D        | Noticed an orc high priest
  1376 | D        | Noticed an orc high priest
  1376 | D        | Noticed an orc knight
  1376 | D        | Noticed an orc knight
  1379 | D        | Noticed an orc knight
  1384 | D        | Noticed a soul eater
  1384 | D        | Killed an orc high priest
  1386 | D        | Killed an orc high priest
  1391 | D        | Killed an orc high priest
  1401 | D        | Killed an orc knight
  1408 | D        | Killed an orc knight
  1409 | D        | Reached XP level 12. HP: 29/128 MP: 11/11
  1417 | D        | Reached skill level 25 in Polearms
  1421 | D        | Killed an orc high priest
  1663 | D        | Killed an orc high priest
  1717 | D        | Reached skill level 26 in Polearms
  2007 | D        | Bought a scroll of poison for 40 gold pieces
  2007 | D        | Bought a scroll of torment for 95 gold pieces
  2007 | D        | Bought a scroll of blinking for 75 gold pieces
  2007 | D        | Bought a scroll of identify for 20 gold pieces
  2007 | D        | Bought 2 scrolls of enchant armour for 150 gold pieces
  2038 | D        | Bought the +15 Maxwell's patent armour {-Cast -Tele rElec
                  | Will+ rCorr} for 2553 gold pieces
  2038 | D        | Found the +15 Maxwell's patent armour {-Cast -Tele rElec
                  | Will+ rCorr}
  2038 | D        | Bought the +3 pair of seven-league boots {Rampage+∞} for
                  | 960 gold pieces
  2038 | D        | Found the +3 pair of seven-league boots {Rampage+∞}
  2038 | D        | Bought the +3 robe of Clouds {*Thunder rCloud rElec} for
                  | 712 gold pieces
  2038 | D        | Found the +3 robe of Clouds {*Thunder rCloud rElec}
  2038 | D        | Bought a pair of runed boots for 180 gold pieces
  2298 | D        | Noticed a centaur warrior
  2298 | D        | Noticed a tengu warrior
  2298 | D        | Noticed a boulder beetle
  2300 | D        | Noticed a boulder beetle
  2301 | D        | Killed a centaur warrior
  2304 | D        | Killed a tengu warrior
  2312 | D        | Killed a boulder beetle
  2326 | D        | Killed a boulder beetle
  2344 | D        | Noticed a rakshasa
  2346 | D        | Reached skill level 27 in Polearms
  2357 | D        | Killed a rakshasa
  2360 | D        | Noticed a vampire mage
  2361 | D        | Noticed a green very ugly thing
  2361 | D        | Noticed a purple very ugly thing
  2362 | D        | Noticed a green very ugly thing
  2366 | D        | Killed a vampire mage
  2371 | D        | Killed a green very ugly thing
  2374 | D        | Killed a purple very ugly thing
  2375 | D        | Reached XP level 13. HP: 28/143 MP: 12/12
  2378 | D        | Killed a green very ugly thing
  2526 | D        | Bought the +8 demon blade "Leech" {evervamp, Harm ^Drain
                  | rN+} for 1177 gold pieces
  2526 | D        | Found the +8 demon blade "Leech" {evervamp, Harm ^Drain
                  | rN+}
  2783 | D        | Noticed Agnes
  2783 | D        | Noticed Donald
  2787 | D        | Killed Agnes
  2792 | D        | Killed Donald
  3038 | D        | Noticed an eleionoma
  3046 | D        | Killed an eleionoma
  3047 | D        | Reached skill level 1 in Dodging
  3047 | D        | Reached skill level 1 in Evocations
  3049 | D        | Noticed a bunyip
  3065 | D        | Reached skill level 5 in Shields
  3073 | D        | Killed a bunyip
  3266 | D        | Noticed a merfolk impaler
  3271 | D        | Reached skill level 5 in Dodging
  3282 | D        | Killed a merfolk impaler
  3335 | D        | Reached skill level 5 in Evocations
  3352 | D        | Reached XP level 14. HP: 74/159 MP: 13/13
  3561 | D        | Bought the +8 autumn katana {manifold assault} for 1262
                  | gold pieces
  3561 | D        | Found the +8 autumn katana {manifold assault}
  3566 | D        | Noticed Josephine
  3570 | D        | Killed Josephine
  3605 | D        | Bought a transparent demon trident for 500 gold pieces
  3605 | D        | Identified the +12 demon trident "Vodikegh" {drain, rCorr
                  | Str+4 Dex-5} (You bought it in a shop in the Dungeon)
  3679 | D        | Noticed Azrael
  3694 | D        | Killed Azrael
  3826 | D        | Noticed a sphinx
  3826 | D        | Noticed a stone giant
  3826 | D        | Noticed a fire giant
  3831 | D        | Reached skill level 10 in Shields
  3831 | D        | Noticed a stone giant
  3842 | D        | Killed a sphinx
  3843 | D        | Noticed a white very ugly thing
  3848 | D        | Killed a stone giant
  3855 | D        | Noticed a red very ugly thing
  3855 | D        | Killed a stone giant
  3856 | D        | Killed a fire giant
  3871 | D        | Killed a white very ugly thing
  3876 | D        | Killed a red very ugly thing
  3880 | D        | Reached skill level 10 in Dodging
  4337 | D        | Noticed an ironbound preserver
  4337 | D        | Noticed an ironbound thunderhulk
  4337 | D        | Noticed a vault warden
  4337 | D        | Noticed a vault warden
  4344 | D        | Killed an ironbound preserver
  4353 | D        | Noticed a vault warden
  4357 | D        | Killed a vault warden
  4358 | D        | Killed an ironbound thunderhulk
  4364 | D        | Killed a vault warden
  4367 | D        | Reached skill level 10 in Evocations
  4372 | D        | Killed a vault warden
  4381 | D        | Noticed an Orb Guardian
  4381 | D        | Noticed an Orb Guardian
  4381 | D        | Noticed Gloorx Vloq
  4388 | D        | Noticed an Executioner
  4390 | D        | Killed an Orb Guardian
  4396 | D        | Noticed an Executioner
  4396 | D        | Killed an Orb Guardian
  4403 | D        | Noticed an Executioner
  4404 | D        | HP: 6/238 [Executioner[Gloorx Vloq] (26)]
  4409 | D        | Noticed an Executioner
  4414 | D        | HP: 1/243 [Gloorx Vloq (6)]
  4414 | D        | Noticed a formless jellyfish
  4415 | D        | Annihilated by Gloorx Vloq

Illustrated notes

Levels and vault maps discovered:
D:        linesprint [early_d, line_temple, items_1, d_10, items_2, lair_1,
          lair_end, items_3, orc_1, orc_end, items_4, d_15, swamp_1, shoals_1,
          snake_1, spider_1, d_20, vaults_1, items_5, swamp_end, shoals_end,
          snake_end, spider_end, vaults_end, d_27, items_6, zot_1, zot_end,
          crypt_end, forest_end, elf_end, slime_end, tomb_end, abyss_end,
          pan_hell_end]

Skill      XL: |  1  2  3  4  5  6  7  8  9 10 11 12 13 14 |
---------------+-------------------------------------------+-----
Polearms       | 5 7 9 11 14 15 16 19 22 24 27 | 27.0
Fighting       | 5 6 7 8 10 11 12 14 16 18 21 24 26 | 26.0
Armour         | 5 6 7 8 10 11 12 14 16 18 21 24 26 | 26.0
Dodging        | 7 12 | 12.3
Shields        | 8 13 | 13.8
Evocations     | 6 10 | 10.4

Action                     |  1- 3 |  4- 6 |  7- 9 | 10-12 | 13-15 || total
---------------------------+-------+-------+-------+-------+-------++-------
  Melee: Trident           |    23 |    12 |       |       |       ||    35
         Headbutt          |     3 |     2 |     4 |    38 |    62 ||   109
         Glaive            |       |     8 |    36 |   233 |   119 ||   396
         Demon trident     |       |       |       |       |   181 ||   181
 Invoke: Call Merchant     |       |       |       |     3 |     3 ||     6
    Use: Potion            |       |       |       |     9 |     9 ||    18
         Scroll            |       |       |       |     1 |       ||     1
   Stab: Distracted        |       |       |       |     1 |     2 ||     3
 Armour: Scale mail        |     9 |     6 |       |       |       ||    15
         Chain mail        |       |     5 |    22 |       |       ||    27
         Ring mail         |       |       |     5 |    32 |       ||    37
         Plate armour      |       |       |       |    54 |   149 ||   203
  Dodge: Dodged            |     6 |     5 |     5 |    43 |    52 ||   111
  Block: Buckler           |     5 |     1 |       |       |       ||     6
         Tower shield      |       |       |       |       |    68 ||    68
